 Dungeon Crawl Stone Soup version 0.29.1-14-g9c671dbff4 (webtiles) character file.

Game seed: 409127815048288485

93 growler the Ducker (level 4, -10/34 HPs)
             Began as a Demonspawn Wanderer on Feb 12, 2023.
             Blown up by Ijyb (14 damage)
             ... with a mindburst bolt
             ... on level 3 of the Dungeon.
             The game lasted 00:05:30 (2325 turns).

growler the Ducker (Demonspawn Wanderer)            Turns: 2325, Time: 00:05:31

Health: -10/34     AC:  5    Str: 18    XL:     4   Next: 36%
Magic:  4/4        EV: 13    Int:  9    God:
Gold:   155        SH:  0    Dex: 13    Spells: 3/3 levels left

rFire   . . .      SeeInvis .   a - +1 quarterstaff
rCold   . . .      Faith    .   (shield currently unavailable)
rNeg    . . .      Spirit   .   b - +2 leather armour
rPois   .          Reflect  .   (no helmet)
rElec   .          Harm     .   (no cloak)
rCorr   .          Rampage  .   (no gloves)
Will    .....                   (no boots)
Stlth   ++........              (no amulet)
HPRegen 0.11/turn               (no ring)
MPRegen 0.09/turn               (no ring)

@: no status effects
A: claws 1, powered by pain 1
a: no special abilities


You were on level 3 of the Dungeon.
You visited 1 branch of the dungeon, and saw 3 of its levels.

You collected 155 gold pieces.

Inventory:

Hand Weapons
 a - a +1 quarterstaff (weapon)
Armour
 b - a +2 leather armour (worn)
Jewellery
 h - a ring of wizardry
 r - a ring of magical power
Scrolls
 e - 2 scrolls of enchant armour {unknown}
 i - 2 scrolls of identify {unknown}
 j - a scroll of blinking {unknown}
 k - a scroll of brand weapon {unknown}
 l - a scroll of torment {unknown}
 m - a scroll of enchant weapon {unknown}
 o - 2 scrolls of poison {unknown}
 p - a scroll of vulnerability {unknown}
Potions
 c - a potion of heal wounds
 d - 2 potions of lignification {unknown}
 f - a potion of flight {unknown}
 g - 3 potions of mutation {unknown}
 n - a potion of haste {unknown}
 q - 2 potions of degeneration {unknown}
 s - a potion of invisibility {unknown}


   Skills:
 + Level 2.7 Fighting
 + Level 2.4 Staves
 + Level 1.9 Armour
 + Level 4.0 Dodging
 + Level 2.0 Stealth


You had 3 spell levels left.
You didn't know any spells.
Your spell library contained the following spells:

 Spells                   Type           Power      Damage    Failure   Level
 Tukima's Dance           Hex            0%         N/A       82%         3
 Passage of Golubria      Tloc           0%         N/A       99%         4
 Yara's Violent Unravell  Hex/Tmut       0%         3d3       100%        5


Dungeon Overview and Level Annotations

Branches:
Dungeon (3/15)

Altars:

Shops:
D:2 (

Annotations:
D:3 Ijyb


Innate Abilities, Weirdness & Mutations

You have sharp fingernails.
You sometimes gain a little power by taking damage.


Message History

An endoplasm is nearby!
An endoplasm is nearby!
Found 6 stones.
The endoplasm quivers.
You thump the endoplasm!
You kill the endoplasm!
No target in view!
Found a stone.
Ijyb the Twisted Goblin comes into view.
She is wielding a +0 club and carrying a wand of mindburst (6).
Ijyb is nearby!
Ijyb shouts!
Ijyb zaps a wand.
Your mind is blasted!
Found a ring mail.
Ijyb zaps a wand.
Your mind is blasted!
Ijyb zaps a wand.
Your mind is blasted!
Ijyb hits you with a +0 club.
You closely miss Ijyb. Ijyb misses you.
You hit Ijyb.
Ijyb is moderately wounded.
Ijyb zaps a wand.
Your mind is blasted!
You are too injured to fight recklessly!
You are too injured to fight recklessly!
You are too injured to fight recklessly!
You are too injured to fight recklessly!
You closely miss Ijyb.
Ijyb is moderately wounded.
Ijyb closely misses you. Ijyb misses you.
You hit Ijyb.
Ijyb is heavily wounded.
Ijyb hits you with a +0 club.
You hit Ijyb.
Ijyb is heavily wounded.
Ijyb hits you but does no damage.
You closely miss Ijyb.
Ijyb is heavily wounded.
Ijyb zaps a wand.
Your mind is blasted!
* * * LOW HITPOINT WARNING * * *
You closely miss Ijyb.
Ijyb is heavily wounded.
Ijyb zaps a wand.
Your mind is blasted!
You die...

### ### #.. ..# #.# #.#
#.# #.# #.# #(# #.# #.#
###########.####.#######
..[...g@................
##############.#.#.#####
........#.# #
###.###.#.#
..##.......#.#
....[....#.#.#
.........#...#
....(....#####
.#######.#######


You could see Ijyb.

Vanquished Creatures
  An adder (D:3)
  3 dart slugs
  7 ball pythons
  9 bats
  9 endoplasms
  9 giant cockroaches
  7 goblins
  6 hobgoblins
  2 quokkas
  6 frilled lizards
  6 kobolds
  4 rats
69 creatures vanquished.

Notes
Turn   | Place    | Note
-------+----------+-------------------------------------------
     0 | D:1      | growler the Demonspawn Wanderer began the quest for the
                  | Orb.
     0 | D:1      | growler set off with the following items: a +1
                  | quarterstaff, a +2 leather armour, a potion of heal wounds.
     0 | D:1      | Reached XP level 1. HP: 16/16 MP: 1/1
   286 | D:1      | Gained mutation: You have sharp fingernails. [demonic
                  | ancestry]
   286 | D:1      | Reached XP level 2. HP: 22/22 MP: 2/2
   809 | D:1      | Reached XP level 3. HP: 28/28 MP: 3/3
  1355 | D:2      | Found Miphas's Weapon Shoppe.
  1988 | D:3      | Gained mutation: You sometimes gain a little power by
                  | taking damage. [demonic ancestry]
  1988 | D:3      | Reached XP level 4. HP: 32/34 MP: 4/4
  2198 | D:3      | Reached skill level 4 in Dodging
  2313 | D:3      | Noticed Ijyb
  2325 | D:3      | Blown up by Ijyb

Illustrated notes

Levels and vault maps discovered:
D:1:      matt_arrival_los_fun, layout_basic, serial_rivers,
          chequers_serial_rivers_micro_b, chequers_serial_rivers_micro_a,
          chequers_serial_rivers_micro_c, chequers_serial_rivers_room_b,
          chequers_serial_rivers_small_3
D:2:      layout_basic, serial_shops, shop
D:3:      minmay_roachtagon, layout_basic, uniq_ijyb

Skill      XL: |  1  2  3  4 |
---------------+-------------+-----
Staves         | 2 |  2.4
Stealth        | 2 |  2.0
Dodging        | 4 |  4.0
Fighting       | |  2.7
Armour         | |  1.9

Action                   |  1- 3 |  4- 6 || total
-------------------------+-------+-------++-------
Melee: Quarterstaff      |   121 |    41 ||   162
 Stab: Sleeping          |     3 |       ||     3
Armor: Leather armour    |    56 |    17 ||    73
Dodge: Dodged            |    97 |    20 ||   117
